 Dungeon Crawl Stone Soup version 0.18.0-2-g198d6d4 (webtiles) character file.

3738 nikopol the Cleaver (level 10, 0/135 HPs)
             Began as a Hill Orc Berserker on May 5, 2016.
             Was a High Priest of Trog.
             Slain by a killer bee (4 damage)
             ... on level 8 of the Dungeon.
             The game lasted 00:29:53 (9275 turns).

nikopol the Cleaver (Hill Orc Berserker)            Turns: 9275, Time: 00:29:53

Health: 0/135      AC: 11    Str: 26    XL:     10   Next: 15%
Magic:  10/10      EV: 12    Int:  7    God:    Trog [*****.]
Gold:   379        SH:  4    Dex: 13    Spells: 0 memorised, 9 levels left

rFire  . . .     SeeInvis .     O - +0 war axe
rCold  . . .     Gourm    .     I - +0 scale mail
rNeg   . . .     Faith    .     S - +0 buckler
rPois  .         Spirit   .     y - +0 helmet
rElec  .         Dismiss  .     t - +0 cloak
rCorr  .         Reflect  .     n - +0 pair of gloves (curse)
SustAt .         Harm     .     (no boots)
MR     .....                    (no amulet)
Stlth  ..........               (no ring)
                                (no ring)

@: berserking (expiring), lethally poisoned (0 -> -19), drained, very quick, not
resistant to hostile enchantments, extremely unstealthy
A: no striking features
a: Berserk, Trog's Hand, Brothers in Arms, Burn Spellbooks, Renounce Religion


You were on level 8 of the Dungeon.
You worshipped Trog.
Trog was extremely pleased with you.
You were not hungry.

You visited 1 branch of the dungeon, and saw 8 of its levels.
You also visited: Sewer.

You collected 379 gold pieces.

Inventory:

Hand Weapons
 a - a +1 hand axe
 O - a +0 war axe (weapon)
 P - a +3 battleaxe
Missiles
 z - 13 tomahawks (quivered)
Armour
 b - a +0 animal skin
 g - a +0 pair of gloves
 n - a cursed +0 pair of gloves (worn)
 t - a +0 cloak (worn)
 u - a +0 leather armour
 y - a +0 helmet (worn)
 I - a +0 scale mail (worn)
 S - a +0 buckler (worn)
Jewellery
 C - an uncursed ring of flight {unknown}
 E - a +4 ring of evasion {unknown}
Wands
 w - a wand of iceblast (5/15)
Scrolls
 d - 4 scrolls of identify
 k - a scroll of enchant armour {unknown}
 l - 2 scrolls of teleportation
 r - 3 scrolls of enchant weapon
 A - a scroll of blinking {unknown}
 B - 2 scrolls of remove curse {unknown}
 F - 2 scrolls of fear {unknown}
 G - 2 scrolls of immolation {unknown}
 H - a scroll of amnesia {unknown}
 J - 2 scrolls of noise {unknown}
 N - a scroll of magic mapping
Potions
 e - 3 potions of heal wounds
 h - 4 potions of magic
 i - 2 potions of agility
 j - 2 potions of brilliance
 m - 3 potions of curing
 o - a potion of might {unknown}
 p - 2 potions of mutation {unknown}
 s - a potion of berserk rage {unknown}
 v - 2 potions of ambrosia {unknown}
 x - 2 potions of flight {unknown}
 D - a potion of cancellation {unknown}
 K - a potion of lignification {unknown}
 R - a potion of invisibility {unknown}
Comestibles
 c - 8 bread rations
 f - 5 meat rations
 q - 13 fruits
 L - a royal jelly
 M - a slice of pizza
 Q - a beef jerky
 T - 4 chunks of flesh


   Skills:
 + Level 8.4(7.2) Fighting
 * Level 9.9(8.6) Axes
 + Level 4.4(3.3) Throwing
 + Level 7.1(5.9) Armour
 + Level 5.5(4.4) Dodging
 * Level 3.2(2.2) Shields


You had 9 spell levels left.
You didn't know any spells.

Dungeon Overview and Level Annotations

Branches:
Dungeon (8/15)             Temple (0/1) D:5
   Lair: D:8-11

Altars:
Dithmenos
Elyvilon
Fedhas
Okawaru
Qazlal
Xom
Zin


Message History

The killer bee is severely wounded.
You feel sick. The killer bee barely misses you. The killer bee stings you.
* * * LOW HITPOINT WARNING * * *
You closely miss the killer bee.
The killer bee is severely wounded.
* * * LOW HITPOINT WARNING * * *
You feel sick. The killer bee completely misses you. The killer bee stings you.
* * * LOW HITPOINT WARNING * * *
You hit the killer bee.
The killer bee is almost dead.
* * * LOW HITPOINT WARNING * * *
You feel sick. The killer bee stings you.
* * * LOW HITPOINT WARNING * * *
You are more poisoned.
The killer bee poisons you!
You miss the killer bee.
The killer bee is almost dead.
* * * LOW HITPOINT WARNING * * *
You feel sick. The killer bee stings you.
You die...

###+#####.###...#.##.........#
#≈≈.≈≈###.#.#..##.###.......##
#≈...≈#...........# ##.....##
+.._..'.###.####### ##...##
#≈...≈### #.# #+## #≈≈†≈≈# #.#
###'### ###.##### ##...#
#.......# ....## #.#.###@#
##.## #.#.# #y# ##.# # #.# #.#
...# #>. ... #### ... ..#
#######


You could see a killer bee.

Vanquished Creatures
  A deep elf mage (D:7)
  An oklob plant (D:2)
  The ghost of dvd the Gusty, a novice HEAE of Ashenzari (D:6)
  Edmund (D:6)
  A water moccasin (D:5)
  A black bear (D:8)
  3 ogres
  2 sky beasts
  An ice beast (D:5)
  A big kobold (Sewer)
  A giant frog (D:6)
  A gnoll sergeant (D:7)
  2 scorpions
  6 killer bees (D:8)
  3 wights (D:6)
  A howler monkey (D:6)
  The ghost of imoen the Ruffian, a weakling VSMo (Sewer)
  A crimson imp (D:7)
  A giant frog zombie (D:5)
  A hound (D:6)
  2 orc priests
  3 orc wizards
  A giant frog skeleton (D:5)
  A centaur skeleton (D:5)
  Jessica (D:2)
  3 iguanas
  Terence (D:2)
  4 worker ants
  A hound skeleton (D:4)
  A howler monkey skeleton (D:8)
  10 adders
  24 gnolls
  A river rat (Sewer)
  A shadow imp (D:5)
  3 oozes (Sewer)
  An adder zombie (D:5)
  2 worms
  2 adder skeletons
  3 dart slugs
  5 giant geckos
  16 orcs
  7 giant cockroaches
  13 goblins
  13 hobgoblins
  9 jackals
  18 kobolds
  2 quokkas
  7 ball pythons
  4 bats
  8 giant newts
  A quokka skeleton (D:4)
  10 rats
  6 fungi (D:2)
  A plant (D:2)
216 creatures vanquished.

Vanquished Creatures (others)
  A plant (D:6)
  13 toadstools (D:2)
14 creatures vanquished.

Grand Total: 230 creatures vanquished

Notes
Turn   | Place    | Note
--------------------------------------------------------------
     0 | D:1      | nikopol the Hill Orc Berserker began the quest for the Orb.
     0 | D:1      | Reached XP level 1. HP: 19/19 MP: 1/1
   222 | D:1      | Reached XP level 2. HP: 26/26 MP: 2/2
   647 | D:1      | Reached ** piety under Trog
   717 | D:1      | Reached XP level 3. HP: 33/33 MP: 3/3
   835 | D:2      | Reached XP level 4. HP: 7/40 MP: 4/4
   838 | D:2      | HP: 2/60 [gnoll/club (6)]
  1233 | D:2      | Noticed Terence
  1243 | D:2      | Killed Terence
  1243 | D:2      | Reached skill level 5 in Axes
  1273 | D:2      | Found a blossoming altar of Fedhas.
  1286 | D:2      | Noticed an oklob plant
  1395 | D:2      | Killed an oklob plant
  1395 | D:2      | Reached skill level 5 in Fighting
  1395 | D:2      | Reached skill level 6 in Axes
  1395 | D:2      | Reached XP level 5. HP: 44/48 MP: 5/5
  1395 | D:2      | Reached XP level 6. HP: 51/56 MP: 6/6
  1395 | D:2      | Reached XP level 7. HP: 55/61 MP: 7/7
  1564 | D:2      | Noticed Jessica
  1577 | D:2      | Killed Jessica
  2360 | D:3      | Reached *** piety under Trog
  3467 | D:4      | Reached skill level 7 in Axes
  3467 | D:4      | Reached skill level 1 in Throwing
  3495 | D:4      | Reached XP level 8. HP: 70/70 MP: 8/8
  4029 | D:4      | Reached skill level 5 in Armour
  4046 | D:5      | Entered Level 5 of the Dungeon
  4131 | D:5      | Found a staircase to the Ecumenical Temple.
  4203 | D:5      | Found a glowing drain.
  4211 | Sewer    | Entered a sewer
  4316 | Sewer    | Noticed imoen's ghost (weakling VSMo)
  4324 | Sewer    | Killed imoen's ghost
  5126 | D:5      | Reached **** piety under Trog
  5623 | D:5      | Reached skill level 8 in Axes
  6614 | D:6      | Reached XP level 9. HP: 79/79 MP: 9/9
  6753 | D:6      | Found a stormy altar of Qazlal.
  6754 | D:6      | Noticed Edmund
  6769 | D:6      | Killed Edmund
  7060 | D:6      | Noticed dvd's ghost (novice HEAE)
  7080 | D:6      | Killed dvd's ghost
  7080 | D:6      | Reached skill level 5 in Dodging
  7134 | D:6      | Reached skill level 9 in Axes
  7785 | D:7      | Found a white marble altar of Elyvilon.
  7833 | D:7      | Found a shimmering altar of Xom.
  7840 | D:7      | Found a shadowy altar of Dithmenos.
  7895 | D:7      | Found a glowing silver altar of Zin.
  7895 | D:7      | Noticed a deep elf mage
  7898 | D:7      | Noticed a smoke demon
  7918 | D:7      | Killed a deep elf mage
  7918 | D:7      | Reached skill level 1 in Shields
  8334 | D:7      | Reached XP level 10. HP: 85/88 MP: 10/10
  8616 | D:7      | Found a glowing silver altar of Zin.
  8760 | D:8      | Found an iron altar of Okawaru.
  8762 | D:8      | Reached ***** piety under Trog
  9274 | D:8      | HP: 6/135 [killer bee (1)]
  9275 | D:8      | Slain by a killer bee

Skill      XL: |  1  2  3  4  5  6  7  8  9 10 |
---------------+-------------------------------+-----
Dodging        | 2 3 4 5 |  5.5
Fighting       | 4 5 6 7 8 |  8.4
Axes           | 6 7 8 9 |  9.9
Armour         | 4 6 7 |  7.1
Throwing       | 1 3 4 |  4.4
Shields        | 2 3 |  3.2

Action                   |  1- 3 |  4- 6 |  7- 9 | 10-12 || total
-------------------------+-------+-------+-------+-------++-------
Melee: Hand axe          |    70 |   121 |   525 |       ||   716
       War axe           |       |       |    51 |   132 ||   183
       Battleaxe         |       |       |    33 |       ||    33
Throw: Tomahawk          |       |       |    43 |       ||    43
Invok: Berserk           |     1 |     2 |    10 |     2 ||    15
       Trog's Hand       |       |       |     2 |       ||     2
  Use: Scroll            |       |       |    10 |       ||    10
 Stab: Distracted        |       |       |     1 |       ||     1
  Eat: Chunk             |       |     3 |    32 |     4 ||    39
       Royal jelly       |       |       |     1 |       ||     1
       Pizza             |       |       |     1 |       ||     1
Armor: Animal skin       |    26 |     3 |    19 |       ||    48
       Leather armour    |       |       |    69 |       ||    69
       Scale mail        |       |       |    91 |    60 ||   151
Dodge: Dodged            |    56 |     9 |   330 |    98 ||   493
Block: Buckler           |       |       |     9 |    30 ||    39
